SNL (28 & UNDER)
BEAUMONT ROUGHNECKS @ MEMPHIS BLUES
06/09/2029
 
TOP OF THE 1ST
Beaumont Roughnecks batting - Pitching for Memphis Blues : RHP Mark Bidwell
Pitching: RHP Mark Bidwell
Batting: RHB John James 0-0: Ball
1-0: Ball
2-0: Ball
3-0: Called Strike
3-1: Foul Ball, location: 2F
3-2: Foul Ball, location: 2F
3-2: SINGLE (Line Drive, 89S)
Batting: RHB Darwin Crane 0-0: Called Strike
0-1: Foul Ball, location: 2F
0-2: Ball
1-2: Ball
2-2: Fly out, F8 (Flyball, 78M)
Batting: RHB Roger Rush 0-0: Swinging Strike
0-1: Ball
1-1: Foul Ball, location: 2F
1-2: Ground out 5-3 (Groundball, 56S)
John James to second
Batting: RHB Si-xun Li 0-0: Fly out, F7 (Flyball, 7)
Top of the 1st over - 0 runs, 1 hit, 0 errors, 1 left on base; Beaumont 0 - Memphis 0
BOTTOM OF THE 1ST
Memphis Blues batting - Pitching for Beaumont Roughnecks : RHP Carlos Sánchez
Pitching: RHP Carlos Sánchez
Batting: RHB Dennis Mays 0-0: Ground out 6-3 (Groundball, 6)
Batting: LHB Armando Domínguez 0-0: Ball
1-0: Ground out 5-3 (Groundball, 5L)
Batting: LHB Weston Chaney 0-0: Called Strike
0-1: Foul Ball, location: 2F
0-2: Ball
1-2: Reached via error on a dropped throw, E3
Batting: RHB Julian Lee 0-0: Hit by Pitch
Weston Chaney to second
Batting: LHB John Foster 0-0: Ground out U3 (Groundball, 3)
Bottom of the 1st over - 0 runs, 0 hits, 1 error, 2 left on base; Beaumont 0 - Memphis 0
TOP OF THE 2ND
Beaumont Roughnecks batting - Pitching for Memphis Blues : RHP Mark Bidwell
Batting: LHB Enrique Cruz 0-0: Ball
1-0: Called Strike
1-1: Called Strike
1-2: Ball
2-2: Ball
3-2: Base on Balls
Batting: RHB António Aguilar 0-0: Called Strike
0-1: Ball
1-1: Swinging Strike
1-2: Ball
2-2: DOUBLE (Groundball, 3L)
Enrique Cruz to third
Batting: SHB Walton Locke 0-0: Foul Ball, location: 2F
0-1: Swinging Strike
0-2: Ball
1-2: Strikes out swinging
Batting: RHB Jeff Mason 0-0: Ball
Passed Ball!
Enrique Cruz scores
António Aguilar to third
1-0: Called Strike
1-1: Ball
2-1: Foul Ball, location: 2F
2-2: Foul Ball, location: 2F
2-2: Strikes out swinging, 2-3 out at first.
Batting: RHB Miguel Costa 0-0: Called Strike
0-1: Ball
1-1: Foul Ball, location: 2F
1-2: Fly out, F9 (Flyball, 9)
Top of the 2nd over - 1 run, 1 hit, 0 errors, 1 left on base; Beaumont 1 - Memphis 0
BOTTOM OF THE 2ND
Memphis Blues batting - Pitching for Beaumont Roughnecks : RHP Carlos Sánchez
Batting: RHB Aaron Grizzle 0-0: Called Strike
0-1: Foul Ball, location: 2F
0-2: Foul Ball, location: 2F
0-2: Ball
1-2: Strikes out swinging
Batting: RHB Artie Green 0-0: Called Strike
0-1: Swinging Strike
0-2: Ball
1-2: Foul Ball, location: 2F
1-2: Strikes out swinging
Batting: RHB Jorge Domínguez 0-0: Ball
1-0: Foul Ball, location: 2F
1-1: Foul Ball, location: 2F
1-2: Ball
2-2: Ground out 6-3 (Groundball, 6)
Bottom of the 2nd over - 0 runs, 0 hits, 0 errors, 0 left on base; Beaumont 1 - Memphis 0
TOP OF THE 3RD
Beaumont Roughnecks batting - Pitching for Memphis Blues : RHP Mark Bidwell
Batting: RHB John James 0-0: Ball
1-0: Ball
2-0: SINGLE (Line Drive, 89S)
Batting: RHB Darwin Crane 0-0: Called Strike
John James is caught stealing 2nd base
0-1: SINGLE (Flyball, 7S)
Batting: RHB Roger Rush 0-0: Called Strike
0-1: Called Strike
0-2: Ball
1-2: Ball
2-2: Ground out U3 (Groundball, 34S)
Darwin Crane to second
Batting: RHB Si-xun Li 0-0: Called Strike
0-1: Fly out, F8 (Flyball, 78D)
Top of the 3rd over - 0 runs, 2 hits, 0 errors, 1 left on base; Beaumont 1 - Memphis 0
BOTTOM OF THE 3RD
Memphis Blues batting - Pitching for Beaumont Roughnecks : RHP Carlos Sánchez
Batting: RHB Ángel Hernández 0-0: Foul Ball, location: 2F
0-1: Ball
1-1: Fly out, F7 (Flyball, 7)
Batting: RHB Dennis Mays 0-0: Ball
1-0: Called Strike
1-1: Ball
2-1: Ball
3-1: Base on Balls
Batting: LHB Armando Domínguez 0-0: Ball
Dennis Mays steals 2nd base
1-0: Ball
2-0: Called Strike
2-1: Ball
3-1: Foul Ball, location: 2F
3-2: Foul Ball, location: 2F
3-2: Strikes out looking
Batting: LHB Weston Chaney 0-0: Ball
1-0: Ball
2-0: Ball
3-0: Base on Balls
Batting: RHB Julian Lee 0-0: Foul Ball, location: 2F
0-1: Swinging Strike
0-2: Strikes out swinging
Bottom of the 3rd over - 0 runs, 0 hits, 0 errors, 2 left on base; Beaumont 1 - Memphis 0
TOP OF THE 4TH
Beaumont Roughnecks batting - Pitching for Memphis Blues : RHP Mark Bidwell
Batting: LHB Enrique Cruz 0-0: Foul Ball, location: 2F
0-1: Ball
1-1: Ball
2-1: Foul Ball, location: 2F
2-2: Foul Ball, location: 2F
2-2: SINGLE (Line Drive, 34D)
Batting: RHB António Aguilar 0-0: Called Strike
0-1: Ball
1-1: Called Strike
1-2: Fly out, F3 (Popup, 3SF)
Pitching: RHP Scott Willerton
Batting: SHB Walton Locke 0-0: Ball
1-0: Foul Ball, location: 2F
1-1: Called Strike
1-2: SINGLE (Flyball, 78M)
Enrique Cruz to second
Batting: RHB Jeff Mason 0-0: Fly out, F9 (Flyball, 9LM)
Batting: RHB Miguel Costa 0-0: Ball
1-0: SINGLE (Groundball, 56S) (infield hit)
Enrique Cruz to third
Walton Locke to second
Batting: RHB John James 0-0: Swinging Strike
0-1: Fielders Choice at 2nd, 5-4 (Groundball, 56)
Top of the 4th over - 0 runs, 3 hits, 0 errors, 3 left on base; Beaumont 1 - Memphis 0
BOTTOM OF THE 4TH
Memphis Blues batting - Pitching for Beaumont Roughnecks : RHP Carlos Sánchez
Batting: LHB John Foster 0-0: Ground out 3-1 (Groundball, 34)
Batting: RHB Aaron Grizzle 0-0: Swinging Strike
0-1: Ball
1-1: Ball
2-1: Ball
3-1: Base on Balls
Batting: RHB Artie Green 0-0: SINGLE (Flyball, 8RS)
Aaron Grizzle to second
Batting: RHB Jorge Domínguez 0-0: DOUBLE (Groundball, 5L)
Aaron Grizzle scores
Artie Green to third
Runner from 3rd tries for Home, SAFE, no throw
Batting: RHB Ángel Hernández 0-0: Swinging Strike
0-1: Ball
1-1: Called Strike
1-2: Ball
2-2: Fly out, F7 (Flyball, 7S)
Batting: RHB Dennis Mays 0-0: Called Strike
0-1: Foul Ball, location: 2F
0-2: Ball
1-2: DOUBLE (Line Drive, 78D)
Jorge Domínguez scores
Batting: LHB Armando Domínguez 0-0: Ball
1-0: Swinging Strike
1-1: Hit by Pitch
Pinch Runner at 1st Chase Mueller:
Batting: LHB Weston Chaney 0-0: Ball
1-0: Called Strike
1-1: Ball
2-1: Ball
3-1: Base on Balls
Dennis Mays to third
Chase Mueller to second
Batting: RHB Julian Lee 0-0: Ball
1-0: Ball
2-0: Fly out, F8 (Flyball, 78D)
Bottom of the 4th over - 3 runs, 3 hits, 0 errors, 3 left on base; Beaumont 1 - Memphis 3
TOP OF THE 5TH
Beaumont Roughnecks batting - Pitching for Memphis Blues : RHP Scott Willerton
Now at SS: Chase Mueller
Batting: RHB Darwin Crane 0-0: Called Strike
0-1: Ball
1-1: SINGLE (Groundball, 4MD)
Batting: RHB Roger Rush 0-0: Ball
1-0: Foul Ball, location: 2F
1-1: Fly out, F9 (Flyball, 9S)
Batting: RHB Si-xun Li 0-0: Called Strike
0-1: Foul Ball, location: 2F
0-2: Ball
1-2: Ball
2-2: Strikes out swinging
Batting: LHB Enrique Cruz 0-0: Called Strike
0-1: Ball
1-1: Swinging Strike
1-2: Ball
2-2: Strikes out swinging
Top of the 5th over - 0 runs, 1 hit, 0 errors, 1 left on base; Beaumont 1 - Memphis 3
BOTTOM OF THE 5TH
Memphis Blues batting - Pitching for Beaumont Roughnecks : RHP Carlos Sánchez
Batting: LHB John Foster 0-0: Fly out, F6 (Line Drive, 6)
Batting: RHB Aaron Grizzle 0-0: Ball
1-0: Foul Ball, location: 2F
1-1: Ball
2-1: Ground out 5-3 (Groundball, 56S)
Batting: RHB Artie Green 0-0: Foul Ball, location: 2F
0-1: Ball
1-1: Called Strike
1-2: Foul Ball, location: 2F
1-2: Foul Ball, location: 2F
1-2: Strikes out swinging
Bottom of the 5th over - 0 runs, 0 hits, 0 errors, 0 left on base; Beaumont 1 - Memphis 3
TOP OF THE 6TH
Beaumont Roughnecks batting - Pitching for Memphis Blues : RHP Scott Willerton
Batting: RHB António Aguilar 0-0: Ball
1-0: Ball
2-0: Ball
3-0: Base on Balls
Batting: SHB Walton Locke 0-0: Ball
1-0: Called Strike
1-1: Foul Ball, location: 2F
1-2: Foul Ball, location: 2F
1-2: Foul Ball, location: 2F
1-2: Ball
2-2: Foul Ball, location: 2F
2-2: Ball
3-2: Foul Ball, location: 2F
3-2: Base on Balls
António Aguilar to second
Batting: RHB Jeff Mason 0-0: Ball
1-0: Called Strike
1-1: Swinging Strike
1-2: Ball
2-2: Strikes out swinging
Batting: RHB Miguel Costa 0-0: Ball
1-0: Called Strike
1-1: TRIPLE (Line Drive, 89XD)
António Aguilar scores
Walton Locke scores
Batting: RHB John James 0-0: Ball
1-0: Swinging Strike
1-1: Swinging Strike
1-2: Ball
2-2: Foul Ball, location: 2F
2-2: Ball
3-2: Strikes out looking
Batting: RHB Darwin Crane 0-0: Ball
1-0: Ball
2-0: Called Strike
2-1: Ball
3-1: Fly out, F4 (Line Drive, 4)
Top of the 6th over - 2 runs, 1 hit, 0 errors, 1 left on base; Beaumont 3 - Memphis 3
BOTTOM OF THE 6TH
Memphis Blues batting - Pitching for Beaumont Roughnecks : RHP Carlos Sánchez
Pitching: RHP Fernando Guzmán
Batting: RHB Jorge Domínguez 0-0: SINGLE (Line Drive, 8LS)
Batting: RHB Ángel Hernández 0-0: Ball
1-0: Swinging Strike
1-1: Foul Ball, location: 2F
1-2: Strikes out swinging
Batting: RHB Dennis Mays 0-0: Ball
1-0: Called Strike
1-1: Swinging Strike
1-2: Ball
2-2: Foul Ball, location: 2F
2-2: Strikes out looking
Batting: RHB Chase Mueller 0-0: Ball
1-0: Foul Ball, location: 2F
1-1: Ball
2-1: Fly out, F8 (Line Drive, 8LD)
Bottom of the 6th over - 0 runs, 1 hit, 0 errors, 1 left on base; Beaumont 3 - Memphis 3
TOP OF THE 7TH
Beaumont Roughnecks batting - Pitching for Memphis Blues : RHP Scott Willerton
Batting: RHB Roger Rush 0-0: Ball
1-0: Fly out, F9 (Flyball, 89D)
Batting: RHB Si-xun Li 0-0: Called Strike
0-1: Foul Ball, location: 2F
0-2: Ball
1-2: Foul Ball, location: 2F
1-2: Foul Ball, location: 2F
1-2: Hit by Pitch
Pitching: LHP Peter Turner
Batting: LHB Enrique Cruz 0-0: Ball
Si-xun Li is caught stealing 2nd base
1-0: Called Strike
1-1: Called Strike
1-2: Ball
2-2: Foul Ball, location: 2F
2-2: Strikes out swinging
Top of the 7th over - 0 runs, 0 hits, 0 errors, 0 left on base; Beaumont 3 - Memphis 3
BOTTOM OF THE 7TH
Memphis Blues batting - Pitching for Beaumont Roughnecks : RHP Fernando Guzmán
Batting: LHB Weston Chaney 0-0: Ball
1-0: Called Strike
1-1: Ground out 6-3 (Groundball, 6)
Batting: RHB Julian Lee 0-0: Swinging Strike
0-1: Foul Ball, location: 2F
0-2: Strikes out looking
Batting: LHB John Foster 0-0: Ball
1-0: Swinging Strike
1-1: SINGLE (Groundball, 4MD)
Batting: RHB Aaron Grizzle 0-0: Called Strike
0-1: Foul Ball, location: 2F
0-2: Strikes out looking
Bottom of the 7th over - 0 runs, 1 hit, 0 errors, 1 left on base; Beaumont 3 - Memphis 3
TOP OF THE 8TH
Beaumont Roughnecks batting - Pitching for Memphis Blues : LHP Peter Turner
Batting: RHB António Aguilar 0-0: Called Strike
0-1: Ball
1-1: Swinging Strike
1-2: Strikes out looking
Batting: SHB Walton Locke 0-0: Ball
1-0: Foul Ball, location: 2F
1-1: Swinging Strike
1-2: Foul Ball, location: 2F
1-2: Strikes out swinging
Batting: RHB Jeff Mason 0-0: Fly out, F7 (Flyball, 7S)
Top of the 8th over - 0 runs, 0 hits, 0 errors, 0 left on base; Beaumont 3 - Memphis 3
BOTTOM OF THE 8TH
Memphis Blues batting - Pitching for Beaumont Roughnecks : RHP Fernando Guzmán
Pinch Hitting: LHB Brenton Carter 0-0: Ball
1-0: Called Strike
1-1: Ball
2-1: SINGLE (Groundball, 3D)
Pinch Runner at 1st Mark Folger:
Batting: RHB Jorge Domínguez 0-0: Sac Bunt - play at first, batter OUT! 3-4
Mark Folger to second
Batting: RHB Ángel Hernández 0-0: Called Strike
0-1: Ball
1-1: Foul Ball, location: 2F
1-2: Strikes out swinging wild pitch, reaches first!
Mark Folger to third
Pinch Hitting: SHB Fernando Gutiérrez 0-0: Ball
1-0: Foul Ball, location: 2F
1-1: Foul Ball, location: 2F
1-2: Foul Ball, location: 2F
1-2: Strikes out looking
Batting: RHB Chase Mueller 0-0: Ball
1-0: Swinging Strike
1-1: Single, Error in OF, E8, batter to second base
Mark Folger scores
Ángel Hernández to third
Batting: LHB Weston Chaney 0-0: Ball
1-0: Foul Ball, location: 2F
1-1: Foul Ball, location: 2F
1-2: Ball
2-2: Ball
3-2: Foul Ball, location: 2F
3-2: Strikes out looking
Bottom of the 8th over - 1 run, 2 hits, 1 error, 2 left on base; Beaumont 3 - Memphis 4
TOP OF THE 9TH
Beaumont Roughnecks batting - Pitching for Memphis Blues : LHP Peter Turner
Now in LF: Jorge Silva
Now in CF: Mark Folger
Batting: RHB Miguel Costa 0-0: Ball
1-0: Ball
2-0: Called Strike
2-1: Ball
3-1: Base on Balls
Batting: RHB John James 0-0: Sac Bunt - play at first, batter OUT! 5-4
Miguel Costa to second
Batting: RHB Darwin Crane 0-0: Called Strike
0-1: SINGLE (Line Drive, 7S)
Miguel Costa to third
Runner from 3rd tries for Home, SAFE, no throw
Batting: RHB Roger Rush 0-0: Ball
1-0: Called Strike
1-1: Fly out, F8 (Flyball, 8RS)
Batting: RHB Si-xun Li 0-0: Ball
1-0: Ball
2-0: Ball
3-0: Base on Balls
Darwin Crane to second
Batting: LHB Enrique Cruz 0-0: Ball
1-0: Swinging Strike
1-1: Fielders Choice at 2nd, 5-4 (Groundball, 56)
Top of the 9th over - 1 run, 1 hit, 0 errors, 2 left on base; Beaumont 4 - Memphis 4
BOTTOM OF THE 9TH
Memphis Blues batting - Pitching for Beaumont Roughnecks : RHP Fernando Guzmán
Batting: RHB Julian Lee 0-0: Foul Ball, location: 2F
0-1: Ground out 4-3 (Groundball, 4MS)
Batting: LHB John Foster 0-0: Ball
1-0: Foul Ball, location: 2F
1-1: Ground out 4-3 (Groundball, 4S)
Batting: RHB Aaron Grizzle 0-0: Called Strike
0-1: Ball
1-1: Called Strike
1-2: Fly out, F6 (Popup, 6S)
Bottom of the 9th over - 0 runs, 0 hits, 0 errors, 0 left on base; Beaumont 4 - Memphis 4
TOP OF THE 10TH
Beaumont Roughnecks batting - Pitching for Memphis Blues : LHP Peter Turner
Batting: RHB António Aguilar 0-0: Foul Ball, location: 2F
0-1: Called Strike
0-2: Fly out, F9 (Flyball, 89M)
Batting: SHB Walton Locke 0-0: Called Strike
0-1: Ground out U3 (Groundball, 34)
Batting: RHB Jeff Mason 0-0: Ball
1-0: Ball
2-0: Ball
3-0: Base on Balls
Pitching: RHP Luis Pistoni
Batting: RHB Miguel Costa 0-0: Ball
1-0: Called Strike
1-1: Ball
2-1: Ball
3-1: Fielders Choice at 2nd, 5-4 (Groundball, 5)
Top of the 10th over - 0 runs, 0 hits, 0 errors, 1 left on base; Beaumont 4 - Memphis 4
BOTTOM OF THE 10TH
Memphis Blues batting - Pitching for Beaumont Roughnecks : RHP Fernando Guzmán
Batting: LHB Mark Folger 0-0: Called Strike
0-1: DOUBLE (Groundball, 3L)
Pitching: RHP Enrique Paredes
Batting: RHB Jorge Domínguez 0-0: Called Strike
0-1: Ball
Mark Folger is caught stealing 3rd base
1-1: Fly out, F4 (Line Drive, 4)
Batting: RHB Ángel Hernández 0-0: Ground out 1-3 (Groundball, 15)
Bottom of the 10th over - 0 runs, 1 hit, 0 errors, 0 left on base; Beaumont 4 - Memphis 4
TOP OF THE 11TH
Beaumont Roughnecks batting - Pitching for Memphis Blues : RHP Luis Pistoni
Batting: RHB John James 0-0: Ball
1-0: Called Strike
1-1: Foul Ball, location: 2F
1-2: Strikes out looking
Batting: RHB Darwin Crane 0-0: Ball
1-0: Foul Ball, location: 2F
1-1: Ball
2-1: SINGLE (Line Drive, 7S)
Batting: RHB Roger Rush 0-0: Ball
1-0: Called Strike
1-1: SINGLE (Line Drive, 3)
Darwin Crane to second
Batting: RHB Si-xun Li 0-0: Ball
1-0: Swinging Strike
1-1: Ball
2-1: Swinging Strike
2-2: Strikes out swinging
Batting: LHB Enrique Cruz 0-0: Ball
1-0: Reached on error, E4 (Groundball, 4)
Darwin Crane to third
Roger Rush to second
Batting: RHB António Aguilar 0-0: Swinging Strike
0-1: Ball
1-1: Ball
2-1: Foul Ball, location: 2F
2-2: Foul Ball, location: 2F
2-2: Strikes out swinging
Top of the 11th over - 0 runs, 2 hits, 1 error, 3 left on base; Beaumont 4 - Memphis 4
BOTTOM OF THE 11TH
Memphis Blues batting - Pitching for Beaumont Roughnecks : RHP Enrique Paredes
Batting: LHB Jorge Silva 0-0: DOUBLE (Flyball, 8LXD)
Batting: RHB Chase Mueller 0-0: Fly out, F5 (Line Drive, 5)
Batting: LHB Weston Chaney 0-0: Called Strike
0-1: Called Strike
0-2: 2-RUN HOME RUN (Flyball, 89XD), Distance : 434 ft
Saturday, December 16th, 2017 - OOTP Baseball 18.8 Build 76